 Dungeon Crawl Stone Soup version 0.21-b1-21-g86478ac (webtiles) character file.

214 tidbits the Covert (level 5, 21/21 HPs)
             Began as a Felid Necromancer on Jan 4, 2018.
             Quit the game on level 5 of the Dungeon.
             The game lasted 00:12:49 (1936 turns).

tidbits the Covert (Felid Necromancer)              Turns: 1936, Time: 00:12:49

Health: 21/21      AC:  2    Str:  4    XL:     5   Next: 60%
Magic:  18/18      EV: 18    Int: 19    God:
Gold:   172        SH:  0    Dex: 19    Spells: 0/8 levels left
                                        Lives:  0   Deaths: 2

rFire    . . .     SeeInvis +     - Unarmed
rCold    . . .     Gourm    .   (shield unavailable)
rNeg     . . .     Faith    .   (armour unavailable)
rPois    .         Spirit   .   (helmet unavailable)
rElec    .         Reflect  .   (cloak unavailable)
rCorr    .         Harm     .   (gloves unavailable)
MR       .....                  (boots unavailable)
Stlth    +++++.....             (no amulet)
HPRegen  0.07/turn              l - ring of magical power
MPRegen  0.16/turn              n - +3 ring of dexterity

@: quick
A: very small, no armour, no weapons or thrown items, stealth, claws 1, fangs 3,
see invisible, carnivore, speed 1, shaggy fur 2, slow metabolism 1, sharp paws
a: no special abilities


You were on level 5 of the Dungeon.
You were not hungry.

You visited 1 branch of the dungeon, and saw 5 of its levels.

You collected 172 gold pieces.

Inventory:

Missiles
 e - 85 stones
Jewellery
 l - a ring of magical power (left paw)
   (You found it on level 4 of the Dungeon)
 n - a +3 ring of dexterity (right paw)
   (You found it on level 4 of the Dungeon)
Scrolls
 b - a scroll of magic mapping {unknown}
 d - 2 scrolls of immolation {unknown}
 f - 4 scrolls of teleportation
 g - a scroll of random uselessness {unknown}
 k - a scroll of amnesia {unknown}
 p - 2 scrolls of remove curse
Potions
 h - a potion of magic
 j - a potion of degeneration {unknown}
 q - a potion of mutation {unknown}
Books
 a - a book of Necromancy

   Spells                             Type                      Level
   a - Pain                           Necromancy                   1
   b - Animate Skeleton               Necromancy                   1
   c - Vampiric Draining              Necromancy                   3
   d - Regeneration                   Charms/Necromancy            3
   e - Animate Dead                   Necromancy                   4
   f - Borgnjor's Vile Clutch         Necromancy/Earth             5
Comestibles
 c - 6 rations
 m - a chunk of flesh


   Skills:
 - Level 2.6 Dodging
 + Level 9.0 Stealth
 + Level 5.9 Unarmed Combat
 - Level 2.0 Spellcasting
 - Level 4.0 Necromancy


You couldn't memorise any spells.
You knew the following spells:

 Your Spells              Type           Power        Failure   Level  Hunger
a - Pain                  Necr           ###.         3%          1    #......
d - Vampiric Draining     Necr           ###.......   10%         3    ###....
n - Animate Skeleton      Necr           N/A          3%          1    #......
r - Regeneration          Chrm/Necr      #.........   22%         3    ###....


Dungeon Overview and Level Annotations

Branches:
Dungeon (5/15)
 Temple: D:4-7

Altars:
Nemelex Xobeh

Shops:
D:4 (

Annotations:
D:2 exclusion: worm, Terence


Innate Abilities, Weirdness & Mutations

You cannot wear armour.
You are incapable of wielding weapons or throwing items.
Your paws allow you to move quietly. (Stealth)
You have sharp claws.
You have razor-sharp teeth.
You have supernaturally acute eyesight. (SInv)
You are carnivorous and can eat meat at any time.
You cover ground quickly.
You are covered in thick fur. (AC +2)
You have a slow metabolism.
Your sharp claws are effective at attacking unaware monsters.


Message History

There is a stone staircase leading down here.
You climb downwards.
There is a stone staircase leading up here.
A bullfrog skeleton comes into view.
Found 12 gold pieces.
Found a stone staircase leading down.
Found a giant club.
You pounce on the unaware helpless bullfrog skeleton!
You eviscerate the bullfrog skeleton!!!
You destroy the bullfrog skeleton!
You now have 172 gold pieces (gained 12).
Found a stone staircase leading down.
You swap places.
As you open the door, it creaks loudly!
There is an open door here.
You swap places.
There is a stone staircase leading down here.
You climb downwards.
Your mindless thrall stays behind.
There is a stone staircase leading up here.
There is a stone staircase leading up here.
You climb upwards.
There is a stone staircase leading down here.
You open the door.
There is an open door here.
There is a stone staircase leading down here.
You climb downwards.
Your mindless thrall stays behind.
Found a scroll of remove curse.
There is a stone staircase leading up here.
Found a stone staircase leading down.
Found a brown potion.
p - a scroll of remove curse Sigmund the Dreaded comes into view.
He is wielding an enchanted scythe.
An adder comes into view.
Found a scroll of teleportation.
Found a stone staircase leading up.
A centaur comes into view.
You pounce on the unaware helpless Sigmund!
You eviscerate Sigmund!!!
You kill Sigmund!
Your Stealth skill increases to level 9!
You see here a brown potion.
q - a brown potion
Found a fuming coppery potion.
Found a scroll of remove curse.
The helpless adder fails to defend itself.
You eviscerate the adder!!!
You kill the adder!
f - 4 scrolls of teleportation (gained 1)
p - 2 scrolls of remove curse (gained 1)
Okay, then.
A centaur comes into view.
Found 13 arrows.
The centaur shouts!
The centaur wields a shortbow.
The centaur shoots an arrow.
The arrow closely misses you.
You aren't carrying any items that you can evoke.
Unknown command.
It was a potion of heal wounds.
You feel much better.
The centaur wields a shortbow.
The centaur shoots an arrow.
The arrow hits you!
The centaur shoots an arrow.
The arrow barely misses you.
The centaur unwields an uncursed shortbow.
The centaur barely misses you.
The centaur shoots an arrow.
The arrow hits you!
* * * LOW HITPOINT WARNING * * *
You see here an arrow.
It was a potion of flight.
You feel very buoyant.
You fly up into the air.
The centaur hits you!
You die...
The centaur shoots an arrow.
The arrow completely misses you. The centaur closely misses you.
The centaur shoots an arrow.
The arrow hits you!
You are now level 6!
You rejoin the land of the living...
Found a pair of gloves and a scroll labeled DAPLOAMOFU.
An ice beast comes into view.
The ice beast moves out of view.
Found 12 gold pieces.
Found 6 gold pieces.
You see here a scroll labeled DAPLOAMOFU.
d - 2 scrolls labeled DAPLOAMOFU (gained 1)
You scratch the ice beast.
The ice beast is lightly wounded.
You claw the ice beast! Your bite misses the ice beast.
The ice beast is moderately wounded.
The ice beast barely misses you.
You scratch the ice beast.
The ice beast is heavily wounded.
The ice beast misses you.
You scratch the ice beast but do no damage.
The ice beast is heavily wounded.
The ice beast hits you. The ice beast freezes you!
You barely miss the ice beast.
The ice beast is heavily wounded.
The ice beast hits you.
* * * LOW HITPOINT WARNING * * *
The ice beast freezes you!
Ouch! That really hurt!
You die...
You are now level 5!
You rejoin the land of the living...
Are you sure you want to abandon this character and quit the game? (Confirm with "yes".)

#.# ####### #!#
#....@# #.###.....#
#.##......#
#.##......#
########.##.....<#
#......#.##......# #
#......#.##.######<#
#...................
#.......>...........


There were no monsters in sight!

Vanquished Creatures
  Sigmund (D:5)
  Eustachio (D:4)
  3 ogres (D:4)
  A scorpion (D:4)
  A bullfrog skeleton (D:4)
  A centaur skeleton (D:4)
  2 adders
  2 dart slugs (D:1)
  3 leopard geckos (D:1)
  2 giant cockroaches
  4 goblins
  3 hobgoblins
  8 kobolds
  3 quokkas
  8 bats
  3 frilled lizards
  5 rats
51 creatures vanquished.

Vanquished Creatures (collateral kills)
  Menkaure (D:4)
  A worm (D:4)
  An orc (D:4)
3 creatures vanquished.

Grand Total: 54 creatures vanquished

Notes
Turn   | Place    | Note
-------+----------+-------------------------------------------
     0 | D:1      | tidbits the Felid Necromancer began the quest for the Orb.
     0 | D:1      | Reached XP level 1. HP: 7/7 MP: 4/4
    84 | D:1      | Reached skill level 3 in Stealth
   178 | D:1      | Reached skill level 1 in Unarmed Combat
   303 | D:1      | Reached XP level 2. HP: 5/11 MP: 4/6
   370 | D:1      | Learned a level 1 spell: Animate Skeleton
   392 | D:3      | Noticed a vampire bat
   473 | D:2      | Found a sparkling altar of Nemelex Xobeh.
   484 | D:2      | Noticed Terence
   781 | D:1      | Reached skill level 4 in Stealth
   781 | D:1      | Reached XP level 3. HP: 14/14 MP: 0/7
   786 | D:1      | Learned a level 3 spell: Regeneration
  1018 | D:2      | Reached skill level 2 in Unarmed Combat
  1234 | D:4      | Noticed a scorpion
  1239 | D:4      | Killed a scorpion
  1239 | D:4      | Reached skill level 5 in Stealth
  1239 | D:4      | Reached XP level 4. HP: 11/18 MP: 5/8
  1272 | D:4      | Noticed an ogre
  1297 | D:4      | Noticed an ogre
  1307 | D:4      | Noticed an ogre
  1316 | D:4      | Killed an ogre
  1316 | D:4      | Reached skill level 3 in Unarmed Combat
  1316 | D:4      | Reached XP level 5. HP: 3/21 MP: 4/9
  1396 | D:4      | Reached skill level 6 in Stealth
  1465 | D:4      | Killed an ogre
  1465 | D:4      | Reached skill level 4 in Unarmed Combat
  1475 | D:4      | Noticed Eustachio
  1491 | D:4      | Learned a level 3 spell: Vampiric Draining
  1513 | D:4      | Killed Eustachio
  1513 | D:4      | Reached skill level 7 in Stealth
  1513 | D:4      | Gained mutation: You are covered in thick fur. (AC +2) [Felid growth]
  1513 | D:4      | Reached XP level 6. HP: 20/24 MP: 8/10
  1729 | D:4      | Reached skill level 5 in Unarmed Combat
  1729 | D:4      | Reached XP level 7. HP: 13/27 MP: 11/11
  1765 | D:4      | Found Piumoaf's Antique Weapon Boutique.
  1796 | D:4      | Noticed Menkaure
  1802 | D:4      | Killed Menkaure
  1802 | D:4      | Reached skill level 8 in Stealth
  1865 | D:5      | Entered Level 5 of the Dungeon
  1888 | D:5      | Noticed Sigmund
  1895 | D:5      | Killed Sigmund
  1895 | D:5      | Reached skill level 9 in Stealth
  1922 | D:5      | Slain by a centaur
  1923 | D:5      | Reached XP level 6. HP: -5/24 MP: 19/19
  1923 | D:5      | Noticed an ice beast
  1935 | D:5      | Slain by an ice beast
  1936 | D:5      | Reached XP level 5. HP: 0/21 MP: 18/18
  1936 | D:5      | Quit the game

Skill      XL: |  1  2  3  4  5  6  7 |
---------------+----------------------+-----
Stealth        | 3 4 5 7 9 |  9.0
Unarmed Combat | 1 2 3 4 5 |  5.9
Dodging        | |  2.6
Spellcasting   | |  2.0
Necromancy     | |  4.0

Action                   |  1- 3 |  4- 6 |  7- 9 || total
-------------------------+-------+-------+-------++-------
Melee: Unarmed           |    20 |    16 |     7 ||    43
       Bite              |     1 |     1 |       ||     2
       Punch             |       |     1 |       ||     1
 Cast: Pain              |    59 |    21 |       ||    80
       Animate Skeleton  |     1 |     3 |     1 ||     5
       Regeneration      |     3 |     3 |     1 ||     7
       Vampiric Draining |       |       |     1 ||     1
Evoke: Wand              |       |     3 |     1 ||     4
  Use: Potion            |     1 |       |     2 ||     3
       Scroll            |     4 |       |       ||     4
 Stab: Sleeping          |     7 |     3 |     4 ||    14
  Eat: Chunk             |     2 |    11 |     1 ||    14
Armor: Skin              |     5 |       |       ||     5
Dodge: Dodged            |    35 |    16 |     6 ||    57

Table legend:
 A = Turns spent in this place as a percentage of turns spent in the entire game.
 B = Non-inter-level travel turns spent in this place as a percentage of non-inter-level travel turns spent in the entire game.
 C = Inter-level travel turns spent in this place as a percentage of turns spent in this place.
 D = Turns resting spent in this place as a percentage of non-inter-level travel turns spent in this place.
 E = Turns spent auto-exploring this place as a percentage of non-inter-level travel turns spent in this place.
 F = Non-inter-level travel turns spent in this place divided by the number of levels of this place that you've seen.
                   A       B       C       D       E      F
               +-------+-------+-------+-------+-------+----------------------
         Total | 100.0 | 100.0 |   1.3 |   0.0 |   0.0 | 382.0
       Dungeon | 100.0 | 100.0 |   1.3 |   0.0 |   0.0 | 382.0
               +-------+-------+-------+-------+-------+----------------------

Table legend:
 A = Kills in this place as a percentage of kills in entire the game.
 B = Kills by you in this place as a percentage of kills by you in the entire game.
 C = Kills by friends in this place as a percentage of kills by friends in the entire game.
 D = Other kills in this place as a percentage of other kills in the entire game.
 E = Experience gained in this place as a percentage of experience gained in the entire game.
 F = Experience gained in this place divided by the number of levels of this place that you have seen.
                   A       B       C       D       E      F
               +-------+-------+-------+-------+-------+----------------------
         Total | 100.0 | 100.0 | 100.0 |   N/A | 100.0 | 230.4
       Dungeon | 100.0 | 100.0 | 100.0 |   N/A | 100.0 | 230.4
               +-------+-------+-------+-------+-------+----------------------

Vault maps used:
D:1:      dpeg_arrival_rhombi
D:2:      grunt_temple_overflow_growth_and_decay, lemuel_round_altar,
          first_ration, uniq_robin, uniq_terence
D:3:      grunt_temple_overflow_octagram, chequers_ecumenical_altar_twisty,
          roderic_batcave, uniq_crazy_yiuf_cottage
D:4:      serial_shops, shop, uniq_menkaure, uniq_eustachio
D:5:      minmay_temple_entry_trees, kennysheep_generic_room_16, uniq_pikel,
          uniq_sigmund
